 Dungeon Sprint DCSS version 0.28-a0-909-g796cbd3a86 (webtiles) character file.

Game seed: 4030043992933047518

6782 Turgor the Imperceptible (level 10, -3/44 HPs)
             Began as a Spriggan Enchanter on Nov 24, 2021.
             Was the Champion of Dithmenos.
             Slain by a centaur warrior (4 damage)
             ... in the Dungeon (Sprint I: "Red Sonja").
             The game lasted 00:18:15 (967 turns).

Turgor the Imperceptible (Spriggan Enchanter)        Turns: 967, Time: 00:18:15

Health: -3/44      AC:  2    Str:  4    XL:     10   Next: 76%
Magic:  13/23      EV: 23    Int: 18    God:    Dithmenos [******]
Gold:   1024       SH:  0    Dex: 18    Spells: 21/26 levels left

rFire   . . .      SeeInvis +   l - +2 dagger (venom)
rCold   . . .      Faith    .   (shield restricted)
rNeg    . . .      Spirit   .   b - +0 robe
rPois   .          Reflect  .   (helmet restricted)
rElec   .          Harm     .   (no cloak)
rCorr   .          Rampage  .   (gloves unavailable)
Will    +....      NoTele   +   (boots unavailable) Stlth *******+++
                                (no amulet)
HPRegen 0.14/turn               (no ring)
MPRegen 0.18/turn               (no ring)

@: confusing by touch, wreathed by umbra, very quick
A: very small, no large weapons, unfitting armour, see invisible, speed 3
a: Renounce Religion, Shadow Step, Shadow Form


You were in the Dungeon.
You worshipped Dithmenos.
Dithmenos was exalted by your worship.
You visited 1 branch You collected 1024 gold pieces.

Inventory:

Hand Weapons
 l - a +2 dagger of venom (weapon)
Missiles
 m - 5 curare-tipped darts (quivered)
Armour
 b - a +0 robe (worn)
Wands
 h - a wand of flame (7)
 q - a wand of iceblast (11)
Scrolls
 i - a scroll of blinking
 k - 3 scrolls of identify {unknown}
 o - a scroll of enchant weapon {unknown}
 p - 2 scrolls of summoning {unknown}
Potions
 c - 2 potions of invisibility
 d - 2 potions of curing
 e - a potion of heal wounds
 f - 2 potions of haste
 g - 2 potions of magic
 j - a potion of lignification {unknown}
 n - a potion of attraction {unknown}


   Skills:
 + Level 11.4 Short Blades
 - Level 9.0 Dodging
 * Level 26.1 Stealth
 + Level 8.6 Spellcasting
 * Level 15.9 Hexes
 + Level 1.5 Invocations


You had 21 spell levels left.
You knew the following spells:

 Your Spells              Type           Power      Damage    Failure   Level
a - Ensorcelled Hibernat  Hex/Ice        72%        N/A       1%          2
b - Confusing Touch       Hex            60%        N/A       1%          3

Your spell library contained the following spells:

 Spells                   Type           Power      Damage    Failure   Level
 Dazzling Flash           Conj/Hex       72%        N/A       1%          3
 Tukima's Dance           Hex            60%        N/A       1%          3


Dungeon Overview and Level Annotations

Branches:
Dungeon (1/1)

Altars:
Cheibriados
Dithmenos
Elyvilon
Fedhas
Gozag
Hepliaklqana
Kikubaaqudgha
Makhleb
Nemelex Xobeh
Okawaru
Qazlal
Ru
Sif Muna
Trog
Uskayaw
Vehumet
Wu Jian
Xom
Yredelemnul
Zin
The Shining One
Jiyva
Lugonu

Shops:
D (*[


Innate Abilities, Weirdness & Mutations

You are very small and have problems with some larger weapons.
You are too small for most types of armour.
You have supernaturally acute eyesight. (SInv)
You cover ground extremely quickly. (Speed+++)


Message History

Unknown command.
There is an open door here.
You completely miss the centaur warrior.
The centaur warrior is lightly wounded.
The centaur warrior unwields a +3 shortbow.
The centaur warrior hits you. The centaur warrior barely misses you.
You catch the helpless centaur warrior completely off-guard!
You spit the centaur warrior like a pig!!!
You kill the centaur warrior!
Dithmenos accepts your kill.
The centaur warrior shoots an arrow.
The arrow hits you!!
* * * LOW HITPOINT WARNING * * *
Your Stealth skill increases to level 26!
Your Invocations skill increases to level 1!
Casting: Ensorcelled Hibernation (safe; 1% risk of failure)
Confirm with . or Enter, or press ? or * to list all spells.
Aiming: Ensorcelled Hibernation (safe; 1% risk of failure)
Press: ? - help, Shift-Dir - straight line, f - centaur warrior
Aim: a centaur warrior, wielding a +0 longbow and quivering arrows (black smoke, umbra, not susceptible)
Okay, then.
Unknown command.
Casting: Ensorcelled Hibernation (safe; 1% risk of failure)
Confirm with . or Enter, or press ? or * to list all spells.
Okay, then.
You feel better.
The centaur warrior shoots an arrow.
The arrow completely misses you.
Casting: Ensorcelled Hibernation (safe; 1% risk of failure)
Confirm with . or Enter, or press ? or * to list all spells.
Okay, then.
The centaur warrior unwields a +0 longbow.
The centaur warrior hits you!
* * * LOW HITPOINT WARNING * * *
The centaur warrior completely misses you.
Items here: (( ) †.
Unknown command.
Casting: Ensorcelled Hibernation (safe; 1% risk of failure)
Confirm with . or Enter, or press ? or * to list all spells.
Your hands begin to glow red.
The centaur warrior barely misses you. x3
The centaur warrior kicks you.
You die...

<.#..'..#..'..#__#..'..)#.)#§.§.'
..').#.)'..#..'..'..#...##)#§####
..#####'#####'#__####)..§§§#§# #
..####..#...#.####$§#####§§'.#
..#__####..##.#≈≈≈.§# #+####
..#_____##'#_.+≈≈§c§+
⌠⌠#_.∩...'..._#§§§c§#
###_..__##_.#'##c####
#_____###'#.#§@§§###
###########.####§###.##
∩........'...'§§§§§'.∩#
##++++####...########## ###.###
#.#'#.# #.....# #..)..# #######


You could see a centaur warrior.

Vanquished Creatures
  A hydra (D)
  A centaur warrior (D)
  Sonja (D)
  A deep troll (D)
  A lindwurm (D)
  2 kobold demonologists (D)
  4 demonic crawlers (D)
  A slime creature (D)
  Sigmund (D)
  A yak (D)
  13 hogs (D)
  2 floating eyes (D)
  An ogre (D)
  A jelly (D)
  Ijyb (D)
32 creatures vanquished.

Vanquished Creatures (others)
  2 ballistomycete spores (D)
2 creatures vanquished.

Grand Total: 34 creatures vanquished

Notes
Turn   | Place    | Note
-------+----------+-------------------------------------------
     0 | D        | Turgor the Spriggan Enchanter began the quest for the Orb.
     0 | D        | Reached XP level 1. HP: 9/9 MP: 5/5
     1 | D        | Noticed Ijyb
    11 | D        | Killed Ijyb
    12 | D        | Reached skill level 10 in Stealth
    12 | D        | Reached XP level 2. HP: 13/13 MP: 6/6
    43 | D        | Noticed an ogre
    46 | D        | Killed an ogre
    47 | D        | Reached skill level 14 in Stealth
    47 | D        | Reached XP level 3. HP: 16/16 MP: 8/8
    47 | D        | Reached XP level 4. HP: 21/21 MP: 9/9
    50 | D        | Learned a level 2 spell: Ensorcelled Hibernation
    54 | D        | Learned a level 3 spell: Confusing Touch
    62 | D        | Noticed Sigmund
    66 | D        | HP: 1/21 [Sigmund/puff of flame (3)]
   162 | D        | Killed Sigmund
   163 | D        | Reached skill level 19 in Stealth
   163 | D        | Reached XP level 5. HP: 9/24 MP: 7/10
   163 | D        | Reached XP level 6. HP: 10/28 MP: 7/11
   375 | D        | Found an ornate altar of the Wu Jian Council.
   375 | D        | Found a shimmering blue altar of Sif Muna.
   377 | D        | Found a radiant altar of Vehumet.
   409 | D        | Found Boucw's Assorted Antiques.
   409 | D        | Found an ancient bone altar of Kikubaaqudgha.
   409 | D        | Found a hazy altar of Hepliaklqana.
   409 | D        | Found a hide-covered altar of Uskayaw.
   409 | D        | Found a basalt altar of Yredelemnul.
   409 | D        | Found an opulent altar of Gozag.
   409 | D        | Found a snail-covered altar of Cheibriados.
   409 | D        | Found a sacrificial altar of Ru.
   409 | D        | Found a shadowy altar of Dithmenos.
   409 | D        | Noticed a yak
   410 | D        | Found a stormy altar of Qazlal.
   410 | D        | Found a blossoming altar of Fedhas.
   410 | D        | Found a bloodstained altar of Trog.
   410 | D        | Found an iron altar of Okawaru.
   410 | D        | Found a glowing golden altar of the Shining One.
   410 | D        | Found a glowing silver altar of Zin.
   410 | D        | Found a white marble altar of Elyvilon.
   411 | D        | Killed a yak
   412 | D        | Found a sparkling altar of Nemelex Xobeh.
   453 | D        | Became a worshipper of Dithmenos the Shadowed
   462 | D        | Noticed Sonja
   467 | D        | Killed Sonja
   468 | D        | Reached skill level 20 in Stealth
   468 | D        | Reached skill level 10 in Hexes
   468 | D        | Reached XP level 7. HP: 16/32 MP: 10/18
   671 | D        | Noticed a deep troll
   675 | D        | Killed a deep troll
   676 | D        | Reached skill level 21 in Stealth
   676 | D        | Reached XP level 8. HP: 36/36 MP: 19/21
   697 | D        | Found Kynirra's Armour Emporium.
   718 | D        | Found Umuef's Weapon Boutique.
   797 | D        | Found a burning altar of Makhleb.
   797 | D        | Found a viscous altar of Jiyva.
   797 | D        | Found a shimmering altar of Xom.
   797 | D        | Found a corrupted altar of Lugonu.
   797 | D        | Noticed a slime creature
   800 | D        | Killed a slime creature
   800 | D        | Reached * piety under Dithmenos
   813 | D        | Noticed a kobold demonologist
   814 | D        | Noticed a kobold demonologist
   818 | D        | Killed a kobold demonologist
   818 | D        | Reached ** piety under Dithmenos
   819 | D        | Reached skill level 22 in Stealth
   819 | D        | Reached XP level 9. HP: 39/39 MP: 22/22
   819 | D        | Killed a kobold demonologist
   825 | D        | Noticed a demonic crawler
   825 | D        | Noticed a demonic crawler
   825 | D        | Noticed a demonic crawler
   825 | D        | Noticed a demonic crawler
   827 | D        | Killed a demonic crawler
   828 | D        | Reached skill level 23 in Stealth
   828 | D        | Killed a demonic crawler
   830 | D        | Killed a demonic crawler
   830 | D        | Reached *** piety under Dithmenos
   831 | D        | Reached skill level 5 in Dodging
   831 | D        | Killed a demonic crawler
   847 | D        | Noticed a lindwurm
   851 | D        | Killed a lindwurm
   852 | D        | Reached skill level 10 in Short Blades
   852 | D        | Reached skill level 24 in Stealth
   860 | D        | Reached XP level 10. HP: 44/44 MP: 23/23
   860 | D        | Reached **** piety under Dithmenos
   866 | D        | Reached ***** piety under Dithmenos
   868 | D        | Reached skill level 25 in Stealth
   874 | D        | Reached skill level 15 in Hexes
   878 | D        | Noticed a 12-headed hydra
   880 | D        | Killed a 12-headed hydra
   882 | D        | Reached ****** piety under Dithmenos
   950 | D        | Noticed a centaur warrior
   951 | D        | Noticed a centaur warrior
   964 | D        | Killed a centaur warrior
   965 | D        | Reached skill level 26 in Stealth
   965 | D        | Reached skill level 1 in Invocations
   966 | D        | HP: 1/44 [centaur warrior (15)]
   967 | D        | Slain by a centaur warrior

Illustrated notes

Levels and vault maps discovered:
D:        dungeon_sprint_1 [red_sonja_temple_1, red_sonja_temple_small_1]

Skill      XL: |  1  2  3  4  5  6  7  8  9 10 |
---------------+-------------------------------+-----
Stealth        | 10 14 19 20 21 22 24 26 | 26.1
Spellcasting   | 7 8 |  8.6
Hexes          | 10 11 12 13 15 | 15.9
Short Blades   | 6 7 8 10 11 | 11.4
Dodging        | 6 9 |  9.0
Invocations    | 1 |  1.5

Action                   |  1- 3 |  4- 6 |  7- 9 | 10-12 || total
-------------------------+-------+-------+-------+-------++-------
Melee: Dagger            |     9 |     4 |    11 |    18 ||    42
 Cast: Ensorcelled Hiber |       |     6 |       |     3 ||     9
       Confusing Touch   |       |       |       |     2 ||     2
  Use: Potion            |     1 |       |       |     1 ||     2
 Stab: Sleeping          |     1 |     4 |    11 |    15 ||    31
       Confused          |       |       |       |     1 ||     1
Armor: Robe              |     1 |       |       |       ||     1
Dodge: Dodged            |     3 |     2 |       |    10 ||    15

Table legend: (Time is in decaauts)
 A = Elapsed time spent in this place.
 B = Non-inter-level travel time spent in this place.
 C = Inter-level travel time spent in this place.
 D = Time resting spent in this place.
 E = Time spent auto-exploring this place.
 F = Levels seen in this place.
 G = Mean time per level.
                   A        B        C        D        E       F      G
               +--------+--------+--------+--------+--------+-----+--------+
         Total |    838 |    838 |      0 |    527 |      0 |   1 |  838.0 |
       Dungeon |    838 |    838 |      0 |    527 |      0 |   1 |  838.0 |
               +--------+--------+--------+--------+--------+-----+--------+

Top non-repeatable levels by time:
       D: 838 daAuts
